 Dungeon Crawl Stone Soup version 0.31-a0-431-g88bdf31460 (webtiles) character file.

Game seed: 982590627734621867

11 sampeng1 the Covered (level 2, 24/24 HPs)
             Began as a Human Fighter on Aug 1, 2023.
             Quit the game on level 1 of the Dungeon.
             The game lasted 00:02:19 (351 turns).

sampeng1 the Covered (Human Fighter)                 Turns: 351, Time: 00:02:20

Health: 24/24      AC:  6    Str: 16    XL:     2   Next: 40%
Magic:  2/2        EV:  9    Int:  8    God:
Gold:   74         SH:  4    Dex: 12    Spells: 1/1 levels left

rFire   . . .        a - +0 war axe
rCold   . . .        c - +0 buckler
rNeg    . . .        b - +0 scale mail
rPois   .            (no helmet)
rElec   .            (no cloak)
rCorr   .            (no gloves)
SInv    .            (no boots)
Will    .....        (no amulet) Stlth
                     (no ring)
HPRegen 0.24/turn    (no ring)
MPRegen 0.08/turn

%: no passive effects
@: no status effects
A: no striking features
a: no special abilities


You were on level 1 of the Dungeon.
You visited 1 branch of the dungeon, and saw 1 of its levels.

You collected 74 gold pieces.

Inventory:

Hand Weapons
 a - a +0 war axe (weapon)
Armour
 b - a +0 scale mail (worn)
 c - a +0 buckler (worn)
Talismans
 g - a beast talisman
Scrolls
 e - a scroll of immolation {unknown}
 f - a scroll of revelation {unknown}
Potions
 d - a potion of might


   Skills:
 + Level 3.1 Fighting
 + Level 2.2 Axes
 + Level 3.1 Armour
 + Level 0.4 Dodging
 + Level 3.1 Shields


You had one spell level left.
You didn't know any spells.
Your spell library was empty.

Dungeon Overview and Level Annotations

Branches:
Dungeon (1/15)

Altars:


Message History

A ball python comes into view.
Found 6 stones.
The ball python hisses angrily.
You slash the ball python!
You kill the ball python!
Found 3 stones.
You now have 39 gold pieces (gained 16).
A goblin comes into view. It is wielding a +0 club.
The goblin shouts!
You barely miss the goblin. You block the goblin's attack.
You slash the goblin!
You kill the goblin!
Things that are here:
a +0 club; a goblin corpse You now have 54 gold pieces (gained 15).
Things that are here:
a +0 club; a goblin corpse
Found a dagger.
Found 10 gold pieces.
A hobgoblin comes into view.
The hobgoblin shouts!
You see here 2 gold pieces.
Found a stone staircase leading down.
The hobgoblin barely misses you.
You closely miss the hobgoblin. The hobgoblin barely misses you.
You slash the hobgoblin!
You kill the hobgoblin!
You now have 56 gold pieces (gained 2).
You now have 66 gold pieces (gained 10).
You now have 74 gold pieces (gained 8).
Found a beast talisman.
f - a scroll labelled QOJICE GAAFON You see here a beast talisman.
You see here a beast talisman.
g - a beast talisman You begin transforming.
You continue transforming. x3
You turn into a hulking beast.
You begin untransforming.
You continue untransforming. x3
Your transformation has ended.
Unknown command.
Are you sure you want to abandon this character and quit the game? (Confirm with "yes".)

.......# .>............#.......#
.......# ..............#.......#
.......+ ...............#.......#
.......###.#............##.......
........................##.......
................###.....####.....
................###.....# ##.....
..................#.....# #......
.......###......@.#.....# #......
.......# #........#.....# #......
.....### ...............###......
.....# ........................
.....# ............#...........
.....# ............#...........
...... ............#...........
...... ...........##...........
..... #...........# .....


There were no monsters in sight!

Vanquished Creatures
  A ball python (D:1)
  2 endoplasms (D:1)
  A giant cockroach (D:1)
  2 goblins (D:1)
  A hobgoblin (D:1)
  A quokka (D:1)
  A rat (D:1)
9 creatures vanquished.

Notes
Turn   | Place    | Note
-------+----------+-------------------------------------------
     0 | D:1      | sampeng1 the Human Fighter began the quest for the Orb.
     0 | D:1      | Reached XP level 1. HP: 18/18 MP: 1/1
   157 | D:1      | Reached XP level 2. HP: 24/24 MP: 2/2
   351 | D:1      | Quit the game

Illustrated notes

Levels and vault maps discovered:
D:1:      lightli_iron_boxes, layout_basic

Action                     || total
---------------------------++-------
  Melee: War axe           ||    20
 Armour: Scale mail        ||     4
  Dodge: Dodged            ||     6
  Block: Buckler           ||     3
         Form:             ||     1
         Beast             ||     1

Table legend: (Time is in decaauts)
 A = Elapsed time spent in this place.
 B = Non-inter-level travel time spent in this place.
 C = Inter-level travel time spent in this place.
 D = Time resting spent in this place.
 E = Time spent auto-exploring this place.
 F = Levels seen in this place.
 G = Mean time per level.
                   A        B        C        D        E       F      G
               +--------+--------+--------+--------+--------+-----+--------+
         Total |    359 |    359 |      0 |      0 |    270 |   1 |  359.0 |
       Dungeon |    359 |    359 |      0 |      0 |    270 |   1 |  359.0 |
               +--------+--------+--------+--------+--------+-----+--------+

Top non-repeatable levels by time:
     D:1: 359 daAuts
